[Event "EICC 2025"]
[Site "Eforie-Nord"]
[Date "2025.03.17"]
[Round "3.7"]
[White "Travadon, Loic"]
[Black "Nisipeanu, Liviu-Dieter"]
[Result "1/2-1/2"]
[Annotator "TA"]
[ECO "B10"]
[WhiteElo "2433"]
[BlackElo "2584"]
[PlyCount "42"]
[EventDate "2025.03.14"]
[EventType "swiss"]
[EventCountry "ROU"]
[SourceTitle "playchess.com"]
[Source "ChessBase"]
[SourceQuality "1"]
[TimeControl "40/5400+30:1800+30"]

1. e4 c6 2. Nf3 d5 3. d3 dxe4 4. dxe4 Qxd1+ 5. Kxd1 Nf6 {[%emt 0:00:05][%cal Bg8f6,Bf6d7,Bd7b6,Bb6a4][%mdl 32] The position is equal.} 6. Bd3 {[%emt 0:02:17] B10: Caro-Kann: 2 d3 and 2 c4.} Nbd7 7. a4 Nc5 8. Nbd2 Nfd7 $146 (8... Bg4 9. a5 O-O-O 10. Ke2 e5 11. h3 Bxf3+ 12. gxf3 Ne6 13. Nc4 Bd6 14. Be3 a6 15. Nxd6+ Rxd6 {½-½ Zhao,Z (2478)-Melkumyan,H (2646) Gold Coast op 2024 (6)}) 9. b4 Nxd3 10. cxd3 e5 11. Ba3 f6 12. Ke2 Nb6 13. a5 Na4 14. Rhc1 {[%emt 0:00:52] Prevents Nc3+} Bd7 15. Nc4 Be7 16. Rc2 Rc8 17. Ne3 Kf7 18. Nf5 Bf8 19. Ne3 Be7 20. Nf5 Bf8 21. Ne3 Be7 {[%emt 0:02:56] Not much happened in this game.   Weighted Error Value: White=0.04 (flawless) /Black=0.04 (flawless)   OK:         	White=8     	Black=10} 1/2-1/2

[Event "EICC 2025"]
[Site "Eforie-Nord"]
[Date "2025.03.17"]
[Round "3.8"]
[White "Sonis, Francesco"]
[Black "Sowinski, Pawel"]
[Result "1-0"]
[Annotator "TA"]
[ECO "B12"]
[WhiteElo "2570"]
[BlackElo "2420"]
[PlyCount "83"]
[EventDate "2025.03.14"]
[EventType "swiss"]
[EventCountry "ROU"]
[SourceTitle "playchess.com"]
[Source "ChessBase"]
[SourceQuality "1"]
[TimeControl "40/5400+30:1800+30"]

1. e4 c6 2. d4 d5 3. e5 Bf5 4. h4 h6 5. g4 Bd7 6. h5 (6. Nc3 $14) 6... c5 $11 {[%emt 0:01:55] now scores much better than the old 6...e6. B12: Caro-Kann: Advance Variation.} 7. c3 Nc6 8. Na3 cxd4 {[%emt 0:06:16] The position is equal.} 9. cxd4 Qb6 10. Nc2 Rc8 11. Be2 e6 12. Nf3 Nge7 13. Kf1 Rg8 $146 (13... Na5 $11) (13... Nb4 14. Nxb4 Qxb4 15. Kg2 Bb5 16. Bd2 Bxe2 17. Qxe2 Qb6 18. Bc3 a6 19. Qe3 Rg8 {1-0 Spriestersbach,K (2063)-Pedersen,C (2025) EU-Cup 39th Vrnjacka Banja 2024 (6.5)}) 14. Rh3 Nb4 {[%emt 0:03:33] Space Advantage White} 15. Na3 a6 16. Bd2 Nbc6 (16... Kd8 $11) 17. Bc3 g5 18. Qd2 Qc7 ({Black should try} 18... Bg7 $14) 19. Ne1 {[%emt 0:02:13] White is more active.} (19. Nc2 $16) 19... Bg7 $14 20. Nd3 f6 21. exf6 Bxf6 22. Qe3 Qd6 23. Nc2 b5 (23... Rf8 $142) 24. a3 Na5 (24... Bg7 $16 25. Re1 a5) 25. Bxa5 $18 (25. Bb4 Qc7) 25... Rxc2 26. Bc3 Nc6 27. Bd1 Rxc3 28. bxc3 Kd8 29. Nc5 Bc8 {[%emt 0:00:05] Wards off Nb7+} 30. Bf3 Re8 31. Nd3 Na5 (31... Re7 $16 32. Kg2 Rc7) 32. Ne5 Bxe5 33. dxe5 (33. Qxe5 Qxe5 34. dxe5 Bd7 $16) 33... Qc7 {[%emt 0:00:04] [#]} 34. Be2 Rf8 35. Re1 (35. Rf3 $18 {is more deadly.} Rxf3 36. Qxf3 Qxe5 37. Qf8+ Kc7 38. Qxh6) 35... Nc4 (35... Rf4 $16) 36. Bxc4 Qxc4+ 37. Qe2 Qf4 38. Kg1 ({White should try} 38. Rd3 $18) 38... Bb7 (38... Qa4 $16 {was worth a try.} 39. Rg3 Qxa3) 39. Rd3 Ke7 $2 {[%emt 0:00:33] [#]} (39... Qa4 40. Qe4 Rf4) 40. Rd4 Qf3 41. Qxf3 Rxf3 42. Re3 {[%emt 0:00:02] Weighted Error Value: White=0.15 (very precise) /Black=0.34  Mistake:       	White=3     	Black=9      Inaccurate:     	White=3     	Black=1      OK:         	White=13    	Black=11     Best:        	White=3     	Black=1} 1-0

[Event "EICC 2025"]
[Site "Eforie-Nord"]
[Date "2025.03.17"]
[Round "3.8"]
[White "Pantsulaia, Levan"]
[Black "Saric, Ivan"]
[Result "1/2-1/2"]
[Annotator "RC"]
[ECO "A05"]
[WhiteElo "2538"]
[BlackElo "2652"]
[PlyCount "43"]
[EventDate "2025.03.14"]
[EventType "swiss"]
[EventCountry "ROU"]
[SourceTitle "playchess.com"]
[Source "ChessBase"]
[SourceQuality "1"]
[TimeControl "40/5400+30:1800+30"]

1. Nf3 Nf6 2. g3 g6 3. b3 d5 4. Bb2 c5 5. Bg2 Bg7 6. O-O O-O 7. c4 d4 8. b4 Re8 9. d3 e5 10. bxc5 Na6 11. Nbd2 Nxc5 12. Ba3 Qc7 13. Nb3 Na4 14. Nbxd4 Nc3 15. Nb5 Nxb5 16. cxb5 e4 17. Nd2 exd3 18. exd3 Bf5 19. Rc1 Qd7 20. Nc4 Bxd3 21. Bxb7 Qxb7 22. Qxd3 1/2-1/2

[Event "EICC 2025"]
[Site "Eforie-Nord"]
[Date "2025.03.17"]
[Round "3.9"]
[White "Alonso Rosell, Alvar"]
[Black "Bluebaum, Matthias"]
[Result "1/2-1/2"]
[Annotator "TA"]
[ECO "A07"]
[WhiteElo "2535"]
[BlackElo "2643"]
[PlyCount "33"]
[EventDate "2025.03.14"]
[EventType "swiss"]
[EventCountry "ROU"]
[SourceTitle "playchess.com"]
[Source "ChessBase"]
[SourceQuality "1"]
[TimeControl "40/5400+30:1800+30"]

1. Nf3 d5 2. g3 c6 3. Bg2 Bf5 4. O-O Nd7 5. d3 e5 6. Nbd2 Ngf6 7. Qe1 h6 {[%emt 0:04:46] A07: Réti Opening: New York and Capablanca Systems.} 8. e4 dxe4 9. dxe4 Be6 10. Qe2 Bc5 $5 {[%emt 0:05:17][%mdl 4] Exploring less charted territory.} 11. b3 b5 12. Bb2 Qc7 13. Ne1 Bg4 $5 $146 {[%emt 0:04:58][%mdl 8] New and interesting.} (13... Bd6 14. Nd3 c5 15. c4 bxc4 16. Nxc4 Bxc4 17. bxc4 O-O 18. f4 Rfe8 19. Rae1 Rab8 20. Bc3 Re7 {1-0 Rozentalis,E (2476)-Drozdowski,K (2448) Krakow op 2024 (8)}) 14. Bf3 Bh3 15. Bg2 Bg4 16. Bf3 Bh3 17. Bg2 {[%emt 0:00:04] Weighted Error Value: White=0.10 (very precise) /Black=0.04 (flawless)   Inaccurate:     	---       	Black=1      OK:         	White=7     	Black=6} 1/2-1/2

[Event "EICC 2025"]
[Site "Eforie-Nord"]
[Date "2025.03.17"]
[Round "3.9"]
[White "Manafov, Vugar"]
[Black "Can, Emre"]
[Result "1/2-1/2"]
[Annotator "TA"]
[ECO "D38"]
[WhiteElo "2428"]
[BlackElo "2562"]
[PlyCount "34"]
[EventDate "2025.03.14"]
[EventType "swiss"]
[EventCountry "ROU"]
[SourceTitle "playchess.com"]
[Source "ChessBase"]
[SourceQuality "1"]
[TimeControl "40/5400+30:1800+30"]

1. d4 d5 2. Nf3 Nf6 3. c4 e6 4. Nc3 Bb4 5. Bg5 h6 6. Bxf6 Qxf6 7. e3 O-O 8. Rc1 Nc6 9. a3 {[%emt 0:02:01] D38: Queen's Gambit Declined: Ragozin Defence (4 Nf3 Bb4).} Bxc3+ 10. Rxc3 dxc4 11. Bxc4 {[%emt 0:00:12] OK:         	---       	Black=2} {Predecessor:} e5 $146 12. Nxe5 Nxe5 13. dxe5 Qxe5 14. O-O Bf5 15. Qh5 Qf6 16. Qf3 Qg6 17. Qf4 c6 {½-½ Kozul,Z (2549)-Yilmaz,M (2621) Zagreb Peace 2022 (1)} 1/2-1/2

[Event "EICC 2025"]
[Site "Eforie-Nord"]
[Date "2025.03.17"]
[Round "3.10"]
[White "Livaic, Leon"]
[Black "Pasztor, Balazs"]
[Result "0-1"]
[Annotator "TA"]
[ECO "D02"]
[WhiteElo "2562"]
[BlackElo "2407"]
[PlyCount "94"]
[EventDate "2025.03.14"]
[EventType "swiss"]
[EventCountry "ROU"]
[SourceTitle "playchess.com"]
[Source "ChessBase"]
[SourceQuality "1"]
[TimeControl "40/5400+30:1800+30"]

1. Nf3 d5 2. g3 Nc6 3. d4 Bf5 4. Bg2 Nb4 5. Na3 e6 6. O-O Be7 7. Re1 {[%emt 0:05:38] D02: 1 d4 d5 2 Nf3 sidelines, including 2...Nf6 3 g3 and 2...Nf6 3 Bf4.} Nf6 8. Bg5 $146 (8. c3 Nc6 9. Nb1 O-O 10. Bg5 Nd7 11. Bxe7 Nxe7 12. Nbd2 c5 13. e4 Bg4 14. h3 Bh5 15. exd5 Nxd5 {1-0 Dardha,D (2598)-Martirosyan,H (2678) Wch Rapid Samarkand 2023 (11)}) 8... Nc6 9. Bxf6 {[%emt 0:12:15] The position is equal.} Bxf6 10. c3 O-O 11. Nc2 Be4 12. Ne3 (12. Nd2 $14) 12... g6 13. h4 Re8 14. a4 Bg7 15. a5 Qd6 16. Qa4 Rad8 17. Rad1 b6 18. b4 Ne7 19. Nd2 Bxg2 20. Nxg2 e5 21. e3 h6 22. b5 Nf5 23. Rc1 Qf6 24. a6 g5 25. hxg5 hxg5 26. dxe5 Rxe5 27. Red1 (27. Nf3 $11 Re4 28. Qd1) 27... Nd6 28. c4 (28. Ne1 $15) 28... Rf5 $17 {[%emt 0:05:07] Black is more active.} 29. f4 (29. cxd5 $17 Rxd5 (29... Rxf2 30. Ne4 $17) 30. Nf1 Nxb5 (30... Rxb5 $2 31. Rxd6 Qxd6 32. Qxb5 $18) 31. Rxd5 Rxd5 32. e4) 29... dxc4 30. Nxc4 {[%emt 0:00:00] [#]} Nxb5 (30... Ne4 $1 $17 31. Rxd8+ Qxd8) 31. Ne5 $11 Rxd1+ 32. Qxd1 Rxe5 33. fxe5 Qxe5 34. Qd8+ Bf8 35. Rc4 ({Better is} 35. Qd7 $15) 35... Kg7 $17 36. Rg4 (36. Qd7 $142) 36... Be7 37. Qd3 f5 {[%emt 0:00:34] Prevents Re4.} (37... Nd6 $19 {White must now prevent ...c5.} 38. e4 Qc5+ 39. Ne3 Nc4 40. Qxc4 Qxe3+ 41. Kg2 Qd2+ 42. Kf3 Qd1+ 43. Qe2 Qxe2+ 44. Kxe2 Kf6 45. e5+ Kxe5) 38. Rc4 $11 Bd6 (38... Bc5 {seems wilder.} 39. Qd7+ Kf6 40. Rc2 Kg6) 39. e4 $2 {[%emt 0:00:53][%mdl 8192] This move loses the game for White.} (39. g4 $11) 39... Bc5+ $19 ({Not} 39... Qxg3 40. Qxg3 Bxg3 41. exf5 $17) 40. Kh2 (40. Rxc5 $142 Qxc5+ 41. Ne3) 40... Nd6 41. Rc1 (41. Rxc5 $142 Qxc5 (41... bxc5 42. exf5 Nxf5 43. Qd7+ Kf6 44. Qd8+ Kg6 45. Qg8+ Kh5 46. Qb3 $19) 42. exf5) 41... Nxe4 42. Qf3 Bf2 43. Ne3 Bxg3+ 44. Kg2 f4 45. Nd1 (45. Rxc7+ Qxc7 46. Nf5+ Kf6 47. Qxe4) 45... Nf6 {[%emt 0:01:13] [#] ( -> ...g4)} 46. Qc6 Qe2+ 47. Kg1 f3 {[%emt 0:00:29] Weighted Error Value: White=0.68/Black=0.34  Loses game:     	White=1     	---        Mistake:       	White=9     	Black=2      Inaccurate:     	White=4     	Black=7      OK:         	White=6     	Black=7      Best:        	White=1     	Black=5} 0-1

[Event "EICC 2025"]
[Site "Eforie-Nord"]
[Date "2025.03.17"]
[Round "3.10"]
[White "Blohberger, Felix"]
[Black "Chigaev, Maksim"]
[Result "1/2-1/2"]
[Annotator "TA"]
[ECO "D74"]
[WhiteElo "2534"]
[BlackElo "2629"]
[PlyCount "43"]
[EventDate "2025.03.14"]
[EventType "swiss"]
[EventCountry "ROU"]
[SourceTitle "playchess.com"]
[Source "ChessBase"]
[SourceQuality "1"]
[TimeControl "40/5400+30:1800+30"]

1. d4 Nf6 2. c4 g6 3. g3 Bg7 4. Bg2 O-O 5. Nc3 Nc6 6. Nf3 d5 7. cxd5 Nxd5 8. O-O e5 {[%emt 0:00:12][%cal Re5d4,Be7e5,Be5e4][%mdl 32] D74: Fianchetto Grünfeld: Main Line (5 Nf3 0-0 6 cxd5 Nxd5 7 0-0).} 9. Nxd5 {[%emt 0:01:19] dxe5 would now be deadly.} e4 {[%emt 0:00:07] [#]} 10. Ne5 $1 Qxd5 11. Nxc6 Qxc6 12. Bf4 Bg4 {[%emt 0:10:37] An uneventful encounter.   OK:         	White=3     	Black=3} 13. h3 $146 Be6 14. Rc1 Qd5 15. Rxc7 Rac8 16. Rxc8 Rxc8 17. b3 Bxd4 18. e3 Bg7 19. Qxd5 Bxd5 20. Rd1 Bc6 21. h4 Bf6 22. Bh3 {½-½ Kuzubov,Y (2660)-Erdos,V (2604) ROM-chT Sovata 2018 (3.5)} 1/2-1/2

[Event "EICC 2025"]
[Site "Eforie-Nord"]
[Date "2025.03.17"]
[Round "3.11"]
[White "Sanal, Vahap"]
[Black "Lazov, Toni"]
[Result "1/2-1/2"]
[Annotator "TA"]
[ECO "D04"]
[WhiteElo "2557"]
[BlackElo "2400"]
[PlyCount "127"]
[EventDate "2025.03.14"]
[EventType "swiss"]
[EventCountry "ROU"]
[SourceTitle "playchess.com"]
[Source "ChessBase"]
[SourceQuality "1"]
[TimeControl "40/5400+30:1800+30"]

1. d4 Nf6 2. Nf3 g6 3. Nbd2 d5 4. b3 Bg7 5. Bb2 O-O 6. e3 Nbd7 {[%emt 0:11:42][%cal Bb8d7,Bd7c5,Bc5e4,Be4d2][%mdl 32] The position is equal.} 7. c4 {[%emt 0:00:53] 7.Be2 is becoming the main line. D04: Colle System.} c5 8. Be2 b6 9. O-O Bb7 10. Rc1 Rc8 11. dxc5 Nxc5 12. b4 Nce4 13. Qb3 $146 (13. Qa4 a5 14. bxa5 bxa5 15. Rfd1 Nxd2 16. Nxd2 Bc6 17. Qa3 e6 18. Nb3 a4 19. Nd4 {1-0 Eldridge,M (2350)-Tanni,K (2308) RUS Pearl-3 email 2011}) 13... Nxd2 14. Nxd2 dxc4 15. Nxc4 Qd5 {[%emt 0:03:18][%csl Gb7][%cal Rd5g2] [#]} 16. Bf3 {[%emt 0:02:31] Successful Defense White} Ne4 17. Bxg7 Kxg7 18. h3 h5 19. Qb2+ f6 20. Nd2 Qxd2 21. Qxd2 Nxd2 22. Bxb7 Rb8 23. Rfd1 Rxb7 24. Rxd2 $11 {[%emt 0:00:07][%mdl 4096] Endgame KRR-KRR} b5 25. Rdc2 a5 26. Rc7 Rxc7 27. Rxc7 {[%emt 0:00:02] KR-KR} Kf7 28. a3 Rd8 29. bxa5 Ra8 30. Kf1 Rxa5 31. Rc3 Ke6 32. Ke2 Kd6 33. Kd2 Ra4 34. Rd3+ Kc6 35. Rc3+ Kd6 36. Rb3 Kc5 37. Kd3 h4 38. Rc3+ Kd6 39. Rb3 Kc5 40. g3 hxg3 41. fxg3 g5 42. Rc3+ Kd6 43. Rb3 Kc5 44. Ke2 Kd6 45. Kf3 e6 46. Rd3+ Ke7 47. Rb3 Kd6 48. Kf2 f5 49. Ke2 Ra8 50. Kf3 Ra4 51. Rxb5 Rxa3 52. g4 f4 53. Rxg5 e5 54. h4 Rxe3+ 55. Kf2 Kd5 56. h5 {[%emt 0:00:00] [#] and h6 would now be decisive} Rh3 57. Kg2 Rh4 58. Kf3 Rh3+ 59. Kg2 Rh4 60. Kf3 Kd4 61. Rg6 Rh3+ 62. Kg2 Rh4 {[%emt 0:00:27] aiming for ...Ke3.} 63. Kf3 Rh3+ 64. Kg2 {[%emt 0:00:00] An interesting draw.   Weighted Error Value: White=0.01 (flawless) /Black=0.00 (flawless)   OK:         	White=23    	Black=22     Best:        	White=5     	Black=2} 1/2-1/2

[Event "EICC 2025"]
[Site "Eforie-Nord"]
[Date "2025.03.17"]
[Round "3.11"]
[White "Boyer, Mahel"]
[Black "Sargissian, Gabriel"]
[Result "1/2-1/2"]
[Annotator "TA"]
[ECO "D02"]
[WhiteElo "2529"]
[BlackElo "2628"]
[PlyCount "85"]
[EventDate "2025.03.14"]
[EventType "swiss"]
[EventCountry "ROU"]
[SourceTitle "playchess.com"]
[Source "ChessBase"]
[SourceQuality "1"]
[TimeControl "40/5400+30:1800+30"]

1. Nf3 d5 2. g3 g6 3. Bg2 Bg7 4. d4 Nf6 5. O-O O-O 6. c3 c6 7. a4 {[%emt 0:00:56] D02: 1 d4 d5 2 Nf3 sidelines, including 2...Nf6 3 g3 and 2...Nf6 3 Bf4.} a5 $1 {[%emt 0:04:09] 7...a5 is better than 7...Bf5.} 8. Bf4 Bf5 9. Nbd2 Nbd7 10. h3 Ne4 11. Nh4 $146 (11. g4 Nxd2 12. Nxd2 Be6 13. Bg3 f5 14. gxf5 Bxf5 15. e4 dxe4 16. Nxe4 Kh8 17. Qb3 Bxe4 18. Bxe4 {1-0 Matlakov,M (2674)-Lobanov,S (2512) St Petersburg Blitz 2021 (20)}) 11... Be6 12. Nxe4 dxe4 13. Bxe4 Bxh3 14. Bg2 Bxg2 15. Kxg2 Nf6 16. Qb3 Qd5+ 17. Qxd5 Nxd5 18. e4 Nxf4+ 19. gxf4 b5 20. Nf3 Rfc8 21. Rh1 e6 22. e5 Bf8 23. Ng5 h5 24. Ne4 Be7 25. Ra2 b4 26. c4 Rd8 (26... b3 $5 27. Raa1 $8 Rab8 $19) 27. Rd1 b3 $1 28. Raa1 Rab8 29. c5 Rb4 30. Nd6 Rdb8 31. Kf3 Kf8 32. Ke3 {[%emt 0:01:06] The position is equal.} Bxd6 33. cxd6 $11 {[%emt 0:07:13][%mdl 4096] [#] Endgame KRR-KRR} Rc4 34. Ra3 Rc2 35. Rd2 Rb4 36. Rxc2 $1 bxc2 {[%emt 0:00:10] KR-KR} 37. Kd2 ({But not} 37. Rc3 $2 Rb3 38. Rxb3 c1=Q+ $19 (38... c1=B+ $2 {perishes.} 39. Ke2 $18)) 37... Rxd4+ 38. Kxc2 Rxf4 39. Rb3 $1 {[%emt 0:01:26] [#]} Rxf2+ (39... Ke8 $5 40. Rb8+ $8 Kd7 $11) 40. Kc1 {[%emt 0:01:05] Hoping for Rb8+.} Ke8 41. Rb8+ Kd7 42. Rb7+ Kd8 {[%emt 0:03:24] and ...Rf5 would now be decisive} 43. Rb8+ {[%emt 0:01:15] Weighted Error Value: White=0.04 (flawless) /Black=0.04 (flawless)   Inaccurate:     	White=1     	Black=2      OK:         	White=15    	Black=14     Best:        	White=4     	---        Strong:       	White=2     	Black=1} 1/2-1/2

[Event "EICC 2025"]
[Site "Eforie-Nord"]
[Date "2025.03.17"]
[Round "3.12"]
[White "Iskandarov, Misratdin"]
[Black "Maurizzi, Marc`Andria"]
[Result "1-0"]
[Annotator "TA"]
[ECO "B30"]
[WhiteElo "2524"]
[BlackElo "2622"]
[PlyCount "75"]
[EventDate "2025.03.14"]
[EventType "swiss"]
[EventCountry "ROU"]
[SourceTitle "playchess.com"]
[Source "ChessBase"]
[SourceQuality "1"]
[TimeControl "40/5400+30:1800+30"]

1. e4 c5 2. Nf3 Nc6 3. Bb5 e6 4. Bxc6 bxc6 5. d3 Ne7 6. O-O Ng6 7. Ng5 f6 {[%emt 0:07:44] 7...e5 is not played anymore. Wards off f4. B30: Sicilian: 2...Nc6 3 Bb5, lines without ...g6.} 8. Nh3 Be7 9. f4 O-O {[%emt 0:00:32] Black has an edge.} 10. c4 f5 11. Nc3 d6 12. Qe2 $146 (12. exf5 Rxf5 13. Ne4 d5 14. Ng3 Rf8 15. Qe2 Bf6 16. Be3 Rb8 17. Rab1 Qe7 18. b3 {½-½ Nevednichy,V (2555)-Nedev,T (2481) Olympiad-35 Bled 2002 (3.3)}) 12... e5 13. exf5 $1 Bxf5 14. g4 Bc8 15. f5 Nh4 {[%emt 0:00:11][%cal Oh7h5] next ...h5! is good for Black.} 16. Ne4 h5 {[%emt 0:10:19] and ...hxg4 should not be overlooked} 17. Ng3 Qe8 18. Nxh5 (18. gxh5 $2 Nxf5 (18... Bxf5 19. Nxf5 Rxf5 20. Rxf5 $11) 19. Nxf5 Bxf5 $17 (19... Rxf5 20. Rxf5 Bxf5 21. Nf2 $17)) 18... g6 19. Ng3 gxf5 20. gxf5 Nxf5 21. Nxf5 (21. Qg4+ $2 Ng7 22. Rxf8+ Qxf8 $19) 21... Rxf5 22. Qg2+ Kh8 23. Bg5 Bxg5 24. Nxg5 Qg6 25. h4 (25. Qxc6 $2 Rxg5+ 26. Kf2 Rb8 $19) (25. Qh3+ Kg7 26. Rxf5 Bxf5 $17) 25... Rb8 26. b3 (26. Qxc6 $2 Bb7 27. Rxf5 Bxc6 $19) 26... Bd7 27. Rxf5 Bxf5 28. Rf1 $1 Bxd3 29. Rf7 {[%emt 0:01:39] Strongly threatening Rh7+.} Qh5 30. Rf6 {[%emt 0:02:05] White is more active.} ({Better is} 30. Qf2 $16 {Qf6+ would kill now.} Qg4+ 31. Kh2) 30... Rg8 $11 31. Qg3 {[%emt 0:00:20][%cal Og1g2][%mdl 1024] White has compensation.} Qd1+ (31... Rg6 $11 32. Qf2 Qd1+ 33. Kg2 Qc2 34. Rf8+ Kg7) 32. Kh2 $14 Bg6 (32... Rg6 $1 $14 33. Rf3 Qe2+ 34. Rf2 Qh5) 33. Nf7+ $40 {[%emt 0:07:03][%mdl 128] White is out for blood.} Kh7 {[%emt 0:00:01] [#]} 34. Qe3 $1 {[%emt 0:00:57] Really sharp!} Qh5 {[%emt 0:01:19] Dodges Qh6+} (34... Kg7 $16 {was necessary.} 35. Rxd6 Qc2+ 36. Rd2 Qe4 37. Qxe4 (37. Qxc5 $2 Qf4+ 38. Kg1 Qxd2 $19) 37... Bxe4 38. Nxe5 Kh6) 35. Ng5+ $18 Kh8 $2 (35... Kg7 36. Qf2 Rh8 37. Ne6+ Kh7) 36. Qf2 $1 Be8 {[%emt 0:00:36] [#]} 37. Re6 $1 e4 (37... Rxg5 38. Qf8+) 38. Qf6+ {[%emt 0:00:14] Weighted Error Value: White=0.05 (flawless) /Black=0.72  Mistake:       	White=1     	Black=4      Inaccurate:     	White=2     	Black=4      OK:         	White=11    	Black=9      Best:        	White=5     	Black=4      Strong:       	White=4     	---} ({Not} 38. Nxe4 Bf7 39. Qf6+ (39. Rxd6 $2 {is the wrong capture.} Qe5+ 40. Ng3 Qxd6 $19) 39... Rg7 40. Qh6+ (40. Rxd6 Qe2+ 41. Nf2 Kg8 $18) 40... Qxh6 41. Rxh6+ Kg8 42. Rxd6 (42. Nxd6 Bg6 $18) 42... Bg6 $18) 1-0

[Event "EICC 2025"]
[Site "Eforie-Nord"]
[Date "2025.03.17"]
[Round "3.12"]
[White "Fus, Jakub"]
[Black "Moroni, Luca Jr"]
[Result "1/2-1/2"]
[Annotator "TA"]
[ECO "E52"]
[WhiteElo "2425"]
[BlackElo "2555"]
[PlyCount "104"]
[EventDate "2025.03.14"]
[EventType "swiss"]
[EventCountry "ROU"]
[SourceTitle "playchess.com"]
[Source "ChessBase"]
[SourceQuality "1"]
[TimeControl "40/5400+30:1800+30"]

1. d4 Nf6 2. c4 e6 3. Nc3 Bb4 4. e3 O-O 5. Bd3 d5 6. a3 Be7 7. Nf3 b6 8. O-O {[%emt 0:02:48] 8.cxd5 injects fresh life into this line.} Bb7 9. cxd5 {[%emt 0:03:01] E52: Nimzo-Indian: Rubinstein: 4...0-0 5 Nf3 d5 6 Bd3 b6.} exd5 10. b4 Nbd7 11. Bb2 {[%emt 0:00:43] White has an edge.} a6 {[%emt 0:00:21] Not much happening anymore} 12. Qc2 Bd6 13. b5 Qe7 14. a4 axb5 $146 (14... a5 15. Qb3 Rfe8 16. Bf5 Nf8 17. Ba3 g6 18. Bxd6 Qxd6 19. Bb1 N8d7 20. Ba2 Re7 {1-0 Carlsson,L (2367)-Haug,J (2480) NOR-chT Elite 2223 2022 (8.56)}) 15. axb5 Ne4 16. Qb3 Ndf6 17. Rad1 Ra5 18. Ne5 Rfa8 19. Nxe4 Nxe4 20. Qc2 Ra2 21. f3 Nf6 22. Ra1 Rxa1 23. Rxa1 Rxa1+ 24. Bxa1 h6 25. Kf2 Qe8 26. Qa4 g6 27. Qa7 Qa8 28. Qxa8+ Bxa8 29. g4 Kf8 30. Ke2 Ke7 31. h3 h5 32. Bc2 Bb7 33. Bb3 hxg4 34. hxg4 Bxe5 35. dxe5 $11 {[%emt 0:00:25][%mdl 4096] Endgame KBB-KBN} Nd7 36. Bd4 Nc5 37. Ba2 Ne6 38. Kd2 Nxd4 39. exd4 {[%emt 0:00:05] KB-KB} g5 40. Ke3 f6 41. f4 Kf7 (41... c6 $11 {remains equal.}) 42. Bb1 Ke7 43. Bf5 (43. f5 $16) 43... Kf7 44. Bd7 Ke7 45. e6 Kd6 46. f5 Ba8 47. Kd3 Bb7 48. Kc3 Ba8 49. Kb3 Bb7 $2 {[%emt 0:00:04][%mdl 8192] [#]} (49... Ke7 $14) 50. Kb4 $2 (50. Ka4 $1 $18 Ba8 51. Bc8) 50... Ba8 $1 $14 {[%emt 0:00:06] White is slightly better.} 51. Bc8 Ke7 $1 52. Ka4 Kd6 {[%emt 0:00:04] Weighted Error Value: White=0.23 (precise) /Black=0.23 (precise)   Loses game:     	---       	Black=1      Missed win:     	White=1     	---        Mistake:       	White=1     	Black=1      Inaccurate:     	White=4     	Black=2      OK:         	White=15    	Black=14     Best:        	---       	Black=1      Strong:       	---       	Black=2} 1/2-1/2

[Event "EICC 2025"]
[Site "Eforie-Nord"]
[Date "2025.03.17"]
[Round "3.13"]
[White "Bosiocic, Marin"]
[Black "Tari, Aryan"]
[Result "1/2-1/2"]
[Annotator "TA"]
[ECO "D37"]
[WhiteElo "2518"]
[BlackElo "2621"]
[PlyCount "49"]
[EventDate "2025.03.14"]
[EventType "swiss"]
[EventCountry "ROU"]
[SourceTitle "playchess.com"]
[Source "ChessBase"]
[SourceQuality "1"]
[TimeControl "40/5400+30:1800+30"]

1. d4 Nf6 2. c4 e6 3. Nf3 d5 4. Nc3 Nbd7 5. Qc2 Bb4 6. g3 {[%emt 0:00:11] D37: Queen's Gambit Declined: 5 Bf4.} dxc4 7. Bg2 Nd5 8. e4 $146 {[%emt 0:06:29] White is slightly better.} (8. O-O c6 9. Ne4 b5 10. b3 Ba6 11. bxc4 bxc4 12. Bd2 Be7 13. Rfd1 Qc7 14. Rab1 h6 15. Be1 O-O 16. Nfd2 Nb4 17. Qc3 Nd5 18. Qc2 Nb4 {½-½ Farago,I (2515)-Pavasovic,D (2320) Budapest FS06 GM 1994 (6)}) 8... Nxc3 9. bxc3 Be7 10. Qa4 O-O 11. Qxc4 b6 12. O-O Bb7 13. Qe2 c5 14. Rd1 cxd4 15. cxd4 Re8 16. Bb2 Bf8 17. a4 Rc8 18. Ne1 Qc7 19. e5 (19. Rac1 $142 Qb8 20. Qb5) 19... Nb8 $11 20. Rac1 {[%emt 0:00:30] The position is equal.} Qd7 21. Qb5 {[%emt 0:00:30] [#] And now Qxd7 would win.} Bc6 22. Bxc6 Nxc6 23. d5 exd5 24. Qxd5 Qg4 25. Rc4 {[%emt 0:00:00] An uneventful encounter.   Weighted Error Value: White=0.12 (very precise) /Black=0.07 (flawless)   Mistake:       	White=1     	---        Inaccurate:     	White=1     	Black=3      OK:         	White=8     	Black=12} 1/2-1/2